 Dungeon Crawl Stone Soup version 0.23-a0-304-g26e74f2614 (webtiles) character file.

6757 PikkenKukken the Basher (level 11, -1/69 HPs)
             Began as a Gnoll Chaos Knight on Oct 9, 2018.
             Was a Plaything of Xom.
             Slain by a yak (13 damage)
             ... on level 1 of the Lair of Beasts.
             The game lasted 00:19:58 (9802 turns).

PikkenKukken the Basher (Gnoll Chaos Knight)        Turns: 9802, Time: 00:19:59

Health: -1/69      AC: 15    Str: 17    XL:     11   Next: 4%
Magic:  19/19      EV: 15    Int: 15    God:    Xom [..*...]
Gold:   572        SH:  0    Dex: 18    Spells: 18/21 levels left

rFire    + + .     SeeInvis .   a - +2 mace (chaos)
rCold    . . .     Gourm    .   (no shield)
rNeg     + . .     Faith    .   z - +2 ring mail {rN+}
rPois    +         Spirit   .   (helmet restricted)
rElec    .         Reflect  .   q - +0 cloak
rCorr    .         Harm     .   g - +1 pair of gloves
MR       .....                  C - +2 pair of boots "Duocyenu" {rPois rF+}
Stlth    +++.......             (no amulet)
HPRegen  0.21/turn              D - +3 ring of dexterity
MPRegen  0.16/turn              o - +2 ring of slaying

@: no status effects
A: distributed training, antennae 1, fangs 1, blurry vision 1, fire resistance
1, frail 2, screaming 1, sturdy frame 1, strong nose
a: Renounce Religion


You were on level 1 of the Lair of Beasts.
You worshipped Xom.
You were a toy of Xom.
You were hungry.

You visited 2 branches of the dungeon, and saw 11 of its levels.

You collected 572 gold pieces.

Inventory:

Hand Weapons
 a - a +2 mace of chaos (weapon)
Armour
 b - a +3 leather armour
 g - a +1 pair of gloves (worn)
 n - a +2 pair of boots
 q - a +0 cloak (worn)
 z - a +2 ring mail of positive energy (worn)
 C - the +2 pair of boots "Duocyenu" (worn) {rPois rF+}
   (You found it on level 10 of the Dungeon)

   It protects you from fire.
   It protects you from poison.
Jewellery
 j - an uncursed ring of see invisible
 k - an uncursed ring of poison resistance
 o - a +2 ring of slaying (right hand)
 v - an uncursed ring of protection from cold
 D - a +3 ring of dexterity (left hand)
Wands
 r - a wand of iceblast (12)
 u - a wand of digging (15)
 A - a wand of clouds (8)
Scrolls
 d - 2 scrolls of magic mapping
 h - 3 scrolls of fear
 i - 6 scrolls of identify
 m - 2 scrolls of amnesia
 p - 5 scrolls of remove curse
 y - a scroll of enchant armour
Potions
 e - a potion of haste
 f - 2 potions of curing
 s - a potion of lignification
 t - a potion of resistance
 w - 2 potions of berserk rage
 x - a potion of flight
 B - a potion of might
Comestibles
 c - 24 rations


   Skills:
 + Level 8.8 Fighting
 + Level 5.7 Short Blades
 + Level 5.7 Long Blades
 + Level 5.7 Axes
 + Level 8.8 Maces & Flails
 + Level 5.7 Polearms
 + Level 5.7 Staves
 + Level 5.7 Slings
 + Level 5.7 Bows
 + Level 5.7 Crossbows
 + Level 5.7 Throwing
 + Level 7.4 Armour
 + Level 6.3 Dodging
 + Level 5.7 Stealth
 + Level 5.7 Shields
 + Level 5.7 Unarmed Combat
 + Level 5.7 Spellcasting
 + Level 4.7 Conjurations
 + Level 4.7 Hexes
 + Level 4.7 Charms
 + Level 4.7 Summonings
 + Level 4.7 Necromancy
 + Level 4.7 Translocations
 + Level 4.7 Transmutations
 + Level 4.7 Fire Magic
 + Level 4.7 Ice Magic
 + Level 4.7 Air Magic
 + Level 4.7 Earth Magic
 + Level 4.7 Poison Magic
 + Level 6.3 Invocations
 + Level 5.7 Evocations


You had 18 spell levels left.
You knew the following spells:

 Your Spells              Type           Power        Failure   Level  Hunger
a - Call Canine Familiar  Summ           ###.....     9%          3    ###....

Your spell library contained the following spells:

 Spells                   Type           Power        Failure   Level  Hunger
 Summon Small Mammal      Summ           ###.         2%          1    None
 Call Imp                 Summ           ###.....     4%          2    #......
 Summon Guardian Golem    Hex/Summ       ###.....     9%          3    ###....
 Summon Ice Beast         Ice/Summ       ###.....     26%         4    ####...
 Summon Lightning Spire   Summ/Air       ###.....     26%         4    ####...


Dungeon Overview and Level Annotations

Branches:
Dungeon (10/15)            Temple (0/1) D:5            Lair (1/6) D:8
    Orc: D:9-12

Altars:
Ashenzari
Dithmenos
Elyvilon
Hepliaklqana
Kikubaaqudgha
Qazlal
Ru
Sif Muna
Trog
Uskayaw
Vehumet
Xom
Yredelemnul
Zin
The Shining One

Shops:
D:4 [   D:5 (


Innate Abilities, Weirdness & Mutations

Your experience applies equally to all skills.
You have very sharp teeth.
Your uncanny sense of smell can sniff out nearby items.
You have a pair of small antennae on your head.
Scrolls take you a little longer to read.
Your flesh is heat resistant. (rF+)
You are very frail. (-20% HP)
You occasionally shout uncontrollably at your foes.
Your movements are slightly less encumbered by armour. (ER -2)


Message History

The yak gores you. The yak gores you!
* * * LOW HITPOINT WARNING * * *
You hit the yak.
You feel better.
The yak is almost dead.
The yak closely misses you. The yak gores you.
* * * LOW HITPOINT WARNING * * *
The yak closely misses you.
You thump the yak! You freeze the yak.
You kill the yak!
The yak misses you. The yak misses you.
You see here a yak corpse.
You hit the yak.
The yak twitches.
You bite the yak.
The yak is lightly wounded.
You hit the yak.
The yak is poisoned.
The yak is lightly wounded.
Xom's attention almost turns to you for a moment.
Pain shoots through your body. The yak misses you. The yak gores you!
You die...
Xom roars with laughter!

##
#####.####
#.........
##.........
#.@Y.......
##Y####..##
#?.# ##.#
#.# ..# #.#
#(#


You could see 2 yaks.

Vanquished Creatures
  Joseph (D:9)
  A gargoyle (D:10)
  2 hornets
  A hippogriff (D:8)
  A wraith (D:9)
  A human (D:7)
  4 yaks
  A hungry ghost (D:9)
  2 hogs (D:7)
  3 orc warriors
  2 ice beasts
  4 sky beasts
  2 black bears (D:8)
  A phantom (D:4)
  2 ogres (D:10)
  A centaur (D:8)
  7 bullfrogs
  4 scorpions
  5 killer bees (D:10)
  A wight (D:9)
  3 howler monkeys
  5 crimson imps
  A bullfrog zombie (D:6)
  A centaur zombie (D:6)
  A quasit (D:9)
  6 hounds
  5 human zombies (D:9)
  2 jellies
  6 orc priests
  7 orc wizards
  A bullfrog skeleton (D:4)
  An iguana (D:6)
  2 human skeletons (D:9)
  A worker ant (D:10)
  A killer bee zombie (D:6)
  2 hound zombies
  2 mummies (D:9)
  2 worker ant zombies (D:6)
  4 gnolls (D:9)
  A howler monkey skeleton (D:5)
  6 adders
  A shadow imp (D:7)
  4 adder zombies
  6 worms
  4 dart slugs
  5 leopard geckos
  26 orcs
  5 bats
  3 giant cockroaches
  3 goblins
  7 hobgoblins
  7 jackals
  3 quokkas
  2 ball pythons
  6 frilled lizards
  A jackal skeleton (D:3)
  A jackal zombie (D:6)
  8 kobolds
  2 leopard gecko skeletons (D:6)
  2 leopard gecko zombies (D:6)
  A quokka skeleton (D:6)
  9 rats
212 creatures vanquished.

Vanquished Creatures (collateral kills)
  A two-headed ogre (D:10)
  An orc warrior (D:10)
  An ogre (D:9)
  An orc (D:10)
4 creatures vanquished.

Vanquished Creatures (others)
  A wraith (D:9)
  A kobold (D:2)
  A fire vortex (D:2)
  5 fungi (D:8)
8 creatures vanquished.

Grand Total: 224 creatures vanquished

Notes
Turn   | Place    | Note
-------+----------+-------------------------------------------
     0 | D:1      | PikkenKukken the Gnoll Chaos Knight began the quest for the
                  | Orb.
     0 | D:1      | Reached XP level 1. HP: 23/23 MP: 1/1
   242 | D:1      | Reached XP level 2. HP: 27/29 MP: 2/2
   364 | D:1      | XOM: divination: detect creatures
   463 | D:1      | XOM is BORED!
   463 | D:1      | XOM: silly message
   515 | D:1      | Reached XP level 3. HP: 35/35 MP: 3/3
   532 | D:1      | Gained mutation: You occasionally shout uncontrollably at
                  | your foes. [potion of mutation]
   532 | D:1      | Gained mutation: Your flesh is heat resistant. (rF+)
                  | [potion of mutation]
   745 | D:1      | XOM: give mutations
   745 | D:1      | Gained mutation: You are frail. (-10% HP) [Xom's mischief]
   745 | D:1      | Gained mutation: You are very frail. (-20% HP) [Xom's
                  | mischief]
   745 | D:1      | Gained mutation: You are extremely frail. (-30% HP) [Xom's
                  | mischief]
   846 | D:2      | Found a hide-covered altar of Uskayaw.
   858 | D:2      | Reached skill level 1 in Short Blades
   858 | D:2      | Reached skill level 1 in Long Blades
   858 | D:2      | Reached skill level 1 in Axes
   858 | D:2      | Reached skill level 1 in Polearms
   858 | D:2      | Reached skill level 1 in Staves
   858 | D:2      | Reached skill level 1 in Slings
   858 | D:2      | Reached skill level 1 in Bows
   858 | D:2      | Reached skill level 1 in Crossbows
   858 | D:2      | Reached skill level 1 in Throwing
   858 | D:2      | Reached skill level 1 in Stealth
   858 | D:2      | Reached skill level 1 in Shields
   858 | D:2      | Reached skill level 1 in Unarmed Combat
   858 | D:2      | Reached skill level 1 in Spellcasting
   858 | D:2      | Reached skill level 1 in Invocations
   858 | D:2      | Reached skill level 1 in Evocations
   863 | D:2      | Reached XP level 4. HP: 14/28 MP: 3/5
  1307 | D:2      | Found a glowing golden altar of the Shining One.
  1307 | D:2      | Found a white marble altar of Elyvilon.
  1311 | D:2      | Found a glowing silver altar of Zin.
  1460 | D:2      | Found a stormy altar of Qazlal.
  1554 | D:2      | XOM: mild Fire miscast
  1741 | D:2      | XOM: harmless Conj miscast
  2011 | D:2      | XOM: give mutations
  2011 | D:2      | Lost mutation: You are extremely frail. (-30% HP) [Xom's
                  | mischief]
  2011 | D:2      | Gained mutation: You are weak. (Str -2) [Xom's mischief]
  2011 | D:2      | Lost mutation: You are weak. (Str -2) [Xom's mischief]
  2011 | D:2      | Gained mutation: Scrolls take you a little longer to read.
                  | [Xom's mischief]
  2114 | D:3      | Reached skill level 1 in Conjurations
  2114 | D:3      | Reached skill level 1 in Hexes
  2114 | D:3      | Reached skill level 1 in Charms
  2114 | D:3      | Reached skill level 1 in Summonings
  2114 | D:3      | Reached skill level 1 in Necromancy
  2114 | D:3      | Reached skill level 1 in Translocations
  2114 | D:3      | Reached skill level 1 in Transmutations
  2114 | D:3      | Reached skill level 1 in Fire Magic
  2114 | D:3      | Reached skill level 1 in Ice Magic
  2114 | D:3      | Reached skill level 1 in Air Magic
  2114 | D:3      | Reached skill level 1 in Earth Magic
  2114 | D:3      | Reached skill level 1 in Poison Magic
  2546 | D:3      | Found an ancient bone altar of Kikubaaqudgha.
  2551 | D:3      | Found a radiant altar of Vehumet.
  2553 | D:3      | Found a deep blue altar of Sif Muna.
  2559 | D:3      | Identified Sif Muna's Papyrus of Companions
  2655 | D:4      | Reached XP level 5. HP: 37/37 MP: 6/6
  2765 | D:4      | XOM: 3-stop teleportation journey
  2795 | D:4      | Found Hischahue's Armour Shop.
  2984 | D:4      | XOM: god gift: scroll of fear
  2991 | D:4      | Noticed a phantom
  2991 | D:4      | XOM: destruction
  3023 | D:4      | Found a shattered altar of Ashenzari.
  3024 | D:4      | Killed a phantom
  3093 | D:4      | Reached XP level 6. HP: 42/42 MP: 8/8
  3233 | D:4      | Noticed a moth of wrath
  3236 | D:4      | Found a bloodstained altar of Trog.
  3318 | D:4      | XOM: butterfly on damage
  3337 | D:4      | Reached skill level 5 in Armour
  3577 | D:4      | XOM: blink monster(s)
  3622 | D:5      | Entered Level 5 of the Dungeon
  3680 | D:5      | Found a staircase to the Ecumenical Temple.
  3719 | D:5      | Found Jutixaup's Weapon Shoppe.
  3890 | D:5      | Found a shadowy altar of Dithmenos.
  4059 | D:5      | XOM: harmless Air miscast
  4082 | D:5      | Found a deep blue altar of Sif Muna.
  4092 | D:5      | Reached XP level 7. HP: 47/47 MP: 10/10
  4463 | D:6      | XOM: divination: detect creatures
  4504 | D:6      | XOM: summons 4 hostile shadow creatures
  4530 | D:6      | XOM: harmless Chrm miscast
  4667 | D:6      | XOM: stat loss: -1 Int (13/14)
  5000 | D:7      | Reached XP level 8. HP: 53/53 MP: 12/12
  5163 | D:7      | XOM: 3-stop teleportation journey
  5179 | D:7      | Found a hazy altar of Hepliaklqana.
  5389 | D:7      | XOM: cloud trail
  5514 | D:7      | Noticed a yak
  5535 | D:7      | Noticed a hornet
  5535 | D:7      | a hog changed into a hornet
  5535 | D:7      | XOM: polymorph hog -> hornet
  5535 | D:7      | Paralysed by a hornet for 1 turns
  5541 | D:7      | Killed a hornet
  5541 | D:7      | Reached XP level 9. HP: 20/58 MP: 14/14
  5677 | D:7      | XOM: give mutation
  5677 | D:7      | Gained mutation: You have a pair of small antennae on your
                  | head. [Xom's grace]
  5928 | D:8      | XOM: give mutation
  5928 | D:8      | Gained mutation: Your movements are slightly less
                  | encumbered by armour. (ER -2) [Xom's grace]
  6170 | D:8      | Reached skill level 5 in Dodging
  6171 | D:8      | XOM: summons friendly white imp
  6174 | D:8      | XOM: divine lightning
  6188 | D:8      | Noticed a hornet
  6305 | D:7      | XOM: harmless Tloc miscast
  6330 | D:8      | Paralysed by a hornet for 2 turns
  6331 | D:8      | Killed a hornet
  6345 | D:8      | XOM: god gift: robe {god gift}
  6351 | D:8      | Found a staircase to the Lair.
  6505 | D:8      | Reached skill level 5 in Invocations
  6574 | D:8      | XOM: potion effect (invisibility)
  6882 | D:8      | Learned a level 3 spell: Call Canine Familiar
  7151 | D:9      | Noticed Joseph
  7249 | D:9      | XOM: harmless Hex miscast
  7313 | D:9      | XOM: cloud trail
  7367 | D:9      | Reached XP level 10. HP: 64/64 MP: 17/17
  7556 | D:9      | XOM: fog
  7560 | D:9      | XOM: enchant monster (good)
  7563 | D:9      | Killed Joseph
  7702 | D:8      | XOM: medium Air miscast
  7905 | D:9      | XOM: god gift: shiny ring mail {god gift}
  7915 | D:9      | Found a shimmering altar of Xom.
  7915 | D:9      | Found a shimmering altar of Xom.
  7915 | D:9      | Found a shimmering altar of Xom.
  7915 | D:9      | Found a shimmering altar of Xom.
  7915 | D:9      | XOM: 1-stop teleportation journey
  7962 | D:9      | Reached skill level 5 in Short Blades
  7962 | D:9      | Reached skill level 5 in Long Blades
  7962 | D:9      | Reached skill level 5 in Axes
  7962 | D:9      | Reached skill level 5 in Polearms
  7962 | D:9      | Reached skill level 5 in Staves
  7962 | D:9      | Reached skill level 5 in Slings
  7962 | D:9      | Reached skill level 5 in Bows
  7962 | D:9      | Reached skill level 5 in Crossbows
  7962 | D:9      | Reached skill level 5 in Throwing
  7962 | D:9      | Reached skill level 5 in Stealth
  7962 | D:9      | Reached skill level 5 in Shields
  7962 | D:9      | Reached skill level 5 in Unarmed Combat
  7962 | D:9      | Reached skill level 5 in Spellcasting
  7962 | D:9      | Reached skill level 5 in Evocations
  7969 | D:9      | Found a basalt altar of Yredelemnul.
  8154 | D:9      | XOM: blink monster(s)
  8163 | D:9      | XOM: divine lightning
  8197 | D:9      | Noticed a torpor snail
  8219 | D:9      | XOM: scenery: create altars
  8392 | D:9      | Found a sacrificial altar of Ru.
  8531 | D:9      | XOM: harmless Tmut miscast
  8567 | D:9      | Noticed a mana viper
  8576 | D:9      | Noticed a guardian serpent
  8636 | D:9      | XOM: summons friendly quasit
  8762 | D:10     | Entered Level 10 of the Dungeon
  8776 | D:9      | XOM: cast spell 'Alistair's Intoxication'
  8885 | D:10     | XOM: mild Pois miscast
  8889 | D:10     | XOM: noise
  8904 | D:10     | XOM: silly message
  8910 | D:10     | XOM: summons 2 friendly demons
  8919 | D:10     | XOM: summons friendly white imp
  8936 | D:10     | XOM: silly message
  8939 | D:10     | XOM: harmless Pois miscast
  9077 | D:10     | Noticed a gargoyle
  9088 | D:10     | XOM: potion effect (agility)
  9093 | D:10     | Killed a gargoyle
  9250 | D:10     | Got a pair of pitted boots
  9261 | D:10     | Identified the +2 pair of boots "Duocyenu" {rPois rF+} (You
                  | found it on level 10 of the Dungeon)
  9266 | D:10     | XOM: silly message
  9269 | D:10     | XOM: cast spell 'Olgreb's Toxic Radiance'
  9405 | D:10     | XOM: potion effect (agility)
  9418 | D:10     | Noticed a two-headed ogre
  9423 | D:10     | XOM: divination: detect creatures
  9426 | D:10     | XOM: divination: detect creatures
  9427 | D:10     | XOM: summons 8 friendly demons
  9437 | D:10     | Found a radiant altar of Vehumet.
  9441 | D:10     | XOM: blink monster(s)
  9452 | D:10     | Killed a two-headed ogre
  9780 | Lair:1   | Entered Level 1 of the Lair of Beasts
  9784 | Lair:1   | Reached XP level 11. HP: 51/69 MP: 19/19
  9792 | Lair:1   | XOM: silly message
  9802 | Lair:1   | XOM: harmless Necr miscast
  9802 | Lair:1   | Slain by a yak

Vault maps used:
D:1:      dpeg_arrival_rooms_b, serial_park_tiny_1,
          hangedman_abyss_or_decor_stabs
D:2:      good_gods_mini_temple, eat_drink_and_be_merry_uskayaw,
          grunt_qazlal_clouds
D:3:      grunt_temple_overflow_magic_moments, first_ration
D:4:      tgw_trog, cheibrodos_ashenzari_chains, serial_shops, shop
D:5:      grunt_dithmenos_smoke_and_mirrors,
          minmay_temple_entry_enclosed_plants, serial_shops, nicolae_shop_stone,
          led_sif_book
D:6:      serial_undead, serial_undead_d, serial_undead_e, serial_undead_a,
          serial_undead_f, serial_undead_b, serial_undead_c
D:7:      basic_altar, grunt_livestock, minmay_statues_item
D:8:      dpeg_oklobed_lair, supply_closet_lemuel
D:9:      nicolae_ru_great_annihilating_truth, xom_shifter_show,
          lemuel_mausoleum_altar_yredelemnul, uniq_joseph
D:10:     david_orc_4, basic_altar
Lair:1:   uniq_fannar

Skill      XL: |  1  2  3  4  5  6  7  8  9 10 |
---------------+-------------------------------+-----
Short Blades   | 1 2 3 4 5 |  5.7
Long Blades    | 1 2 3 4 5 |  5.7
Axes           | 1 2 3 4 5 |  5.7
Polearms       | 1 2 3 4 5 |  5.7
Staves         | 1 2 3 4 5 |  5.7
Slings         | 1 2 3 4 5 |  5.7
Bows           | 1 2 3 4 5 |  5.7
Crossbows      | 1 2 3 4 5 |  5.7
Throwing       | 1 2 3 4 5 |  5.7
Stealth        | 1 2 3 4 5 |  5.7
Shields        | 1 2 3 4 5 |  5.7
Unarmed Combat | 1 2 3 4 5 |  5.7
Spellcasting   | 1 2 3 4 5 |  5.7
Invocations    | 1 2 3 4 5 6 |  6.3
Evocations     | 1 2 3 4 5 |  5.7
Conjurations   | 1 2 3 4 |  4.7
Hexes          | 1 2 3 4 |  4.7
Charms         | 1 2 3 4 |  4.7
Summonings     | 1 2 3 4 |  4.7
Necromancy     | 1 2 3 4 |  4.7
Translocations | 1 2 3 4 |  4.7
Transmutations | 1 2 3 4 |  4.7
Fire Magic     | 1 2 3 4 |  4.7
Ice Magic      | 1 2 3 4 |  4.7
Air Magic      | 1 2 3 4 |  4.7
Earth Magic    | 1 2 3 4 |  4.7
Poison Magic   | 1 2 3 4 |  4.7
Dodging        | 3 4 5 6 |  6.3
Armour         | 5 6 7 |  7.4
Fighting       | 7 8 |  8.8
Maces & Flails | 7 8 |  8.8

Action                   |  1- 3 |  4- 6 |  7- 9 | 10-12 || total
-------------------------+-------+-------+-------+-------++-------
Melee: Mace              |    53 |   209 |   276 |   286 ||   824
       Bite              |     5 |    19 |    27 |    39 ||    90
       Punch             |       |       |     7 |    11 ||    18
Throw: Javelin           |       |     4 |     3 |       ||     7
 Cast: Call Canine Famil |       |       |     2 |     2 ||     4
Evoke: Wand              |       |       |     1 |     2 ||     3
  Use: Scroll            |     2 |    10 |     4 |     3 ||    19
       Potion            |     2 |     5 |     2 |     4 ||    13
 Stab: Sleeping          |     2 |     4 |     2 |     9 ||    17
       Confused          |       |     3 |     2 |     6 ||    11
       Paralysed         |       |       |     2 |     5 ||     7
       Distracted        |       |       |     1 |       ||     1
       Invisible         |       |       |     1 |       ||     1
       Petrified         |       |       |       |     1 ||     1
  Eat: Chunk             |       |     7 |     9 |     2 ||    18
       Ration            |       |     1 |     1 |     2 ||     4
Armor: Leather armour    |     4 |    83 |    95 |    10 ||   192
       Robe              |    10 |     1 |       |       ||    11
       Ring mail         |       |       |       |   109 ||   109
Dodge: Dodged            |    57 |   131 |   187 |   255 ||   630

Table legend:
 A = Non-vault XP
 B = Vault XP
 C = Vault XP percentage of total XP
 D = Non-vault monster count
 E = Vault monster count
 F = Vault count percentage of total count
                 A         B        C        D         E       F
            +---------+---------+-------+---------+---------+-------
      Total |    7070 |    2584 |  26.8 |     174 |      43 |  19.8
            +---------+---------+-------+---------+---------+-------
        D:1 |      37 |       0 |   0.0 |      18 |       0 |   0.0
        D:2 |      77 |       0 |   0.0 |      15 |       0 |   0.0
        D:3 |      46 |       0 |   0.0 |      23 |       0 |   0.0
        D:4 |     296 |       9 |   3.0 |      17 |       5 |  22.7
        D:5 |     116 |      73 |  38.6 |       7 |       2 |  22.2
        D:6 |     407 |     135 |  24.9 |      10 |      10 |  50.0
        D:7 |     502 |    1057 |  67.8 |      10 |       5 |  33.3
        D:8 |    1768 |       0 |   0.0 |      26 |       0 |   0.0
        D:9 |    1195 |    1108 |  48.1 |      22 |      17 |  43.6
       D:10 |    2002 |     202 |   9.2 |      23 |       4 |  14.8
     Lair:1 |     624 |       0 |   0.0 |       3 |       0 |   0.0
            +---------+---------+-------+---------+---------+-------
